Map: World of Sleepers LE

Players

MaNa

  • Race: Protoss Protoss
  • Spawn Location: 7:00

Zanster - Winner!

  • Race: Zerg Zerg
  • Spawn Location: 1:00

VOD

Have the link to the VOD?

Description

Time

  • Played on: Sept. 6, 2019, 5:23 p.m.
  • Length: 18:52
Show
View Real Time Build Order
Export as new Build Order

MaNa Protoss 

Build Orders: 1 Gate Expand, Carriers, Chargelot Immortal 

Get SALT Encoding   

  12  0:00  Probe  
  13  0:12  Probe  
  14  0:17  Pylon  
  14  0:24  Probe  
  15  0:32  Probe  
  15  0:37  Assimilator  
  15  0:42  Probe  
  16  0:48  Gateway  
  17  0:54  Probe  
  18  1:02  Probe  
  18  1:10  Probe  
  20  1:25  Nexus  
  20  1:35  Cybernetics Core  
  20  1:37  Probe  
  21  1:44  Assimilator  
  21  1:49  Probe  
  22  1:54  Pylon  
  23  2:01  Probe  
  23  2:06  Adept  
  23  2:13  Probe, Robotics Facility  
  26  2:25  Warp Gate, Probe  
  27  2:36  Stalker  
  29  2:38  Probe x2  
  31  2:50  Probe x2  
  33  2:58  Warp Prism  
  33  3:03  Probe  
  33  3:05  Probe  
  37  3:06  Sentry  
  39  3:14  Forge  
  39  3:15  Probe  
  39  3:17  Probe  
  41  3:25  Gateway  
  41  3:27  Observer  
  41  3:28  Probe  
  41  3:29  Probe  
  43  3:35  Pylon  
  43  3:40  Probe  
  45  3:41  Probe  
  45  3:42  Pylon  
  45  3:43  Immortal  
  46  3:54  Protoss Ground Weapons Level 1  
  50  3:58  Probe x2  
  52  4:04  Assimilator  
  52  4:08  Pylon  
  52  4:10  Probe  
  52  4:11  Probe  
  52  4:12  Immortal  
  52  4:14  Sentry  
  56  4:22  Probe  
  56  4:23  Probe  
  62  4:31  Sentry  
  64  4:34  Gateway  
  64  4:35  Gateway  
  64  4:42  Immortal  
  64  4:43  Zealot  
  66  4:47  Pylon  
  70  4:55  Pylon  
  70  5:06  Nexus  
  70  5:14  Sentry x2  
  72  5:17  Gateway  
  72  5:19  Shield Battery, Probe  
  72  5:20  Probe  
  76  5:24  Immortal  
  80  5:45  Stalker x2  
  80  5:46  Stalker  
  76  5:51  Stalker  
  78  5:59  Warp Prism  
  78  6:00  Shield Battery  
  78  6:01  Shield Battery  
  80  6:09  Zealot x2  
  80  6:10  Zealot  
  86  6:19  Probe x2  
  86  6:22  Zealot  
  78  6:28  Immortal  
  78  6:32  Zealot x4  
  69  6:44  Stalker  
  71  6:52  Zealot x2  
  71  6:53  Sentry x2  
  79  6:57  Twilight Council  
  79  6:58  Immortal  
  81  7:12  Zealot x2, Sentry  
  81  7:14  Zealot  
  83  7:27  Stalker  
  83  7:32  Immortal  
  83  7:33  Zealot x2  
  83  7:34  Charge  
  77  7:37  Zealot  
  75  7:46  Zealot  
  75  7:48  Observer  
  69  7:51  Zealot  
  69  7:53  Zealot  
  67  7:58  Zealot x2  
  67  8:00  Shield Battery, Protoss Ground Weapons Level 2  
  71  8:07  Pylon  
  71  8:08  Pylon  
  71  8:09  Zealot  
  69  8:18  Zealot x2  
  69  8:21  Probe, Sentry  
  69  8:22  Probe, Sentry  
  69  8:24  Probe  
  76  8:29  Immortal  
  76  8:31  Zealot  
  82  8:45  Zealot  
  82  8:48  Zealot x2  
  84  8:53  Zealot, Sentry  
  83  8:58  Immortal  
  83  8:59  Assimilator  
  83  9:00  Shield Battery  
  82  9:08  Probe x2  
  87  9:11  Assimilator  
  87  9:19  Probe  
  88  9:26  Templar Archives, Assimilator  
  88  9:33  Zealot x4  
  88  9:34  Probe  
  97  9:43  Immortal  
  101  9:47  Probe  
  101  9:48  Probe x2  
  104  9:56  Psionic Storm  
  105  10:00  Gateway, Probe x2  
  100  10:07  Probe  
  100  10:12  Probe  
  102  10:16  Probe  
  102  10:19  Probe  
  102  10:20  High Templar x2  
  108  10:23  Pylon  
  108  10:24  Probe  
  109  10:29  Pylon  
  109  10:31  Warp Prism  
  109  10:35  Pylon  
  109  10:37  Probe  
  109  10:41  High Templar x2  
  114  10:45  Zealot  
  114  10:46  Probe  
  114  10:47  Probe  
  114  10:49  Probe  
  119  10:51  Gateway  
  119  10:52  Gateway  
  119  10:54  Gateway  
  119  10:59  High Templar x2  
  123  11:05  Archon  
  123  11:08  Immortal  
  125  11:13  Zealot  
  125  11:17  Stalker x2  
  131  11:25  Pylon, High Templar  
  129  11:34  Probe  
  129  11:39  High Templar x2  
  130  11:43  Archon  
  130  11:50  Nexus  
  130  11:51  Pylon  
  130  11:56  High Templar  
  130  11:57  High Templar  
  134  12:01  Shield Battery, Archon  
  134  12:02  Zealot x2  
  134  12:03  Shield Battery, Zealot  
  140  12:13  Stargate  
  140  12:16  Blink  
  140  12:21  Shield Battery  
  138  12:24  Zealot x3  
  138  12:25  Photon Cannon  
  138  12:26  Photon Cannon  
  140  12:35  Zealot x4  
  142  12:42  High Templar x2  
  146  12:46  Stargate  
  146  12:51  Unknown  
  146  12:54  Zealot  
  146  12:57  Pylon  
  148  13:06  Fleet Beacon  
  148  13:07  Phoenix  
  148  13:16  Zealot  
  148  13:19  Archon  
  124  13:21  High Templar x2  
  124  13:26  Zealot x3  
  134  13:31  Zealot x3  
  140  13:39  Zealot  
  140  13:41  Carrier, Protoss Air Weapons Level 1, Probe x2  
  128  13:47  Carrier  
  122  13:48  Probe  
  122  13:49  Probe  
  136  14:03  Zealot x2  
  127  14:21  Zealot  
  127  14:22  Zealot x6  
  130  14:31  High Templar x2  
  130  14:37  Photon Cannon  
  130  14:38  Carrier  
  130  14:42  Photon Cannon  
  130  14:44  High Templar x3  
  130  14:45  High Templar, Carrier  
  136  14:48  Archon  
  136  14:49  Archon  
  142  15:05  Probe x2  
  150  15:16  Nexus  
  150  15:18  Pylon  
  148  15:32  Stargate  
  148  15:36  High Templar x2  
  146  15:43  Zealot x3  
  140  15:53  Zealot x4  
  137  15:58  Probe x4  
  137  16:05  Photon Cannon  
  137  16:06  High Templar  
  137  16:07  Carrier, High Templar x2  
  137  16:08  Photon Cannon, High Templar  
  145  16:11  Archon  
  145  16:15  Archon  
  145  16:22  Assimilator  
  151  16:28  Carrier  
  149  16:42  Carrier  
  149  16:44  Photon Cannon  
  155  16:47  Zealot x3  
  155  16:48  Zealot x5  
  173  17:08  Zealot x6  
  173  17:09  Zealot x2  
  178  17:18  Carrier  
  178  17:21  Stalker  
  122  17:39  High Templar x3  
  128  17:47  Assimilator  
  128  17:51  Zealot x2  
  128  17:52  Zealot  
  90  18:44  Stalker x2  
Show
View Real Time Build Order
Export as new Build Order

Zanster Zerg - Winner!

Build Orders: Hatch First, Brood Lord Corruptor 

Get SALT Encoding   

  12  0:00  Drone  
  13  0:12  Overlord  
  13  0:16  Drone  
  14  0:30  Drone  
  14  0:31  Drone  
  16  0:44  Drone  
  16  0:47  Drone  
  18  0:57  Drone  
  18  0:58  Hatchery  
  18  1:03  Extractor  
  17  1:07  Drone  
  18  1:17  Spawning Pool  
  17  1:20  Drone  
  18  1:28  Drone  
  19  1:40  Drone  
  20  1:53  Overlord  
  20  2:05  Queen  
  22  2:11  Metabolic Boost, Queen  
  22  2:13  Zergling x2  
  25  2:16  Drone, Zergling x2  
  27  2:26  Zergling x2  
  27  2:27  Drone  
  29  2:33  Zergling x2  
  30  2:38  Zergling x2  
  31  2:45  Drone x2  
  31  2:47  Queen  
  35  2:56  Hatchery  
  34  3:02  Overlord  
  34  3:03  Drone  
  35  3:08  Drone  
  36  3:20  Drone x6  
  36  3:23  Drone  
  36  3:26  Drone  
  44  3:30  Spore Crawler  
  43  3:34  Overlord  
  43  3:38  Drone  
  43  3:40  Overlord  
  44  3:47  Overlord  
  44  3:51  Overlord  
  44  3:59  Zergling x2  
  44  4:00  Zergling x6  
  48  4:04  Drone  
  48  4:05  Drone  
  48  4:08  Roach Warren, Overlord  
  49  4:12  Extractor  
  49  4:13  Extractor, Drone x2  
  49  4:14  Drone  
  50  4:18  Drone x2  
  50  4:19  Drone  
  50  4:22  Drone  
  54  4:27  Drone x3  
  57  4:36  Drone  
  57  4:37  Overlord  
  58  4:46  Overlord  
  58  4:50  Roach x5  
  58  4:51  Roach  
  69  4:53  Roach  
  69  4:56  Roach  
  69  4:57  Roach  
  75  5:03  Roach x2  
  75  5:04  Roach  
  81  5:21  Zergling x8  
  81  5:22  Zergling x10  
  81  5:26  Overlord  
  81  5:27  Ravager x4  
  94  5:34  Zergling x8  
  98  5:36  Overlord  
  96  5:48  Zergling x16  
  104  5:52  Ravager x2  
  104  5:53  Overlord  
  106  6:03  Zergling x4, Roach  
  110  6:08  Overlord  
  110  6:16  Zergling x4, Roach  
  95  6:32  Roach x9  
  101  6:40  Zergling x4, Roach  
  101  6:42  Lair  
  101  6:47  Roach  
  101  6:48  Zergling x2  
  101  6:53  Evolution Chamber  
  103  6:56  Roach  
  103  6:57  Zergling x4  
  103  7:00  Ravager  
  107  7:02  Ravager  
  108  7:12  Zergling x24, Roach  
  120  7:26  Zergling x4, Roach  
  120  7:33  Zergling x6  
  92  7:44  Roach x9  
  92  7:46  Zerg Melee Weapons Level 1  
  104  7:55  Zergling x4, Roach  
  103  8:02  Zergling x6  
  103  8:05  Glial Reconstitution  
  101  8:10  Zergling x14  
  106  8:19  Drone  
  103  8:20  Drone x3  
  103  8:22  Drone x2  
  103  8:24  Baneling Nest  
  104  8:27  Drone  
  104  8:30  Ravager x2  
  104  8:31  Drone  
  104  8:32  Drone  
  109  8:35  Drone  
  109  8:40  Drone x6  
  104  8:52  Drone  
  104  8:54  Zergling x10  
  107  9:00  Zergling x4  
  109  9:04  Zergling x2  
  109  9:08  Drone  
  109  9:09  Extractor, Hatchery  
  109  9:10  Centrifical Hooks  
  109  9:24  Zergling x16, Roach  
  117  9:29  Overlord  
  117  9:30  Hatchery  
  117  9:38  Queen  
  119  9:42  Drone x10  
  129  9:47  Overlord  
  129  9:55  Zergling x4, Roach  
  133  10:07  Zerg Melee Weapons Level 2  
  132  10:14  Zergling x20  
  141  10:21  Baneling x9  
  141  10:27  Zergling x8, Roach  
  141  10:28  Baneling x8  
  147  10:32  Overlord  
  147  10:36  Roach x2  
  147  10:38  Overlord x2  
  151  10:49  Overlord  
  151  10:50  Zergling x4  
  151  10:51  Zergling x12  
  151  10:55  Infestation Pit  
  158  10:58  Zergling x2, Roach  
  158  10:59  Zergling x6  
  158  11:03  Baneling x12  
  162  11:12  Roach  
  162  11:13  Zergling x18  
  173  11:23  Overlord  
  173  11:25  Drone x8  
  176  11:32  Unknown  
  175  11:41  Overlord  
  175  11:46  Hive  
  175  11:49  Extractor  
  175  11:50  Spire, Zergling x26  
  186  12:04  Queen  
  188  12:10  Zergling x24  
  188  12:15  Baneling x7  
  199  12:21  Extractor  
  181  12:52  Zergling x4  
  181  12:53  Zergling x32  
  199  13:04  Greater Spire  
  199  13:05  Adrenal Glands  
  199  13:06  Zerg Melee Weapons Level 3  
  169  13:30  Corruptor x9  
  169  13:31  Corruptor  
  169  13:33  Overseer  
  178  13:47  Zergling x26  
  181  14:00  Unknown  
  134  14:28  Brood Lord x8  
  134  14:30  Brood Lord, Zergling x2  
  134  14:31  Zergling x50  
  174  14:38  Drone x2  
  174  14:39  Drone x2  
  177  14:56  Corruptor x6  
  189  15:02  Drone x2  
  189  15:04  Overlord  
  191  15:08  Corruptor x2  
  191  15:10  Corruptor  
  191  15:12  Overlord  
  197  15:21  Zerg Flyer Armor Level 1, Overseer  
  197  15:22  Overseer  
  196  15:40  Corruptor x3  
  196  15:41  Corruptor  
  199  15:44  Zerg Ground Armor Level 1  
  184  15:50  Zergling x34  
  198  15:59  Corruptor  
  194  16:09  Corruptor x2  
  198  16:12  Pneumatized Carapace, Overseer  
  194  16:37  Corruptor x6  
  200  16:42  Baneling x11  
  197  17:12  Hatchery  
  182  17:18  Corruptor x10  
  187  17:29  Zergling x18  
  197  17:30  Zergling x10  
  197  17:31  Overlord  
  197  17:35  Overlord  
  197  17:40  Brood Lord x2  
  197  17:43  Overseer x3  
  197  17:51  Zergling x2  
  197  17:52  Zergling x2  
  195  18:23  Zergling x2  
  195  18:24  Zergling x8  
Tags
 
Add a new tag
Caveats
  • Supply blocks, unpowered buildings, or Contaminate may cause inaccurate times.
  • Supply counts are checked every 10 seconds.